 Dungeon Crawl Stone Soup version 0.29-a0-103-g37f86683bf (webtiles) character file.

Game seed: 8508788846322804393

292 kae the Insei (level 6, 0/72 HPs)
             Began as a Draconian Transmuter on Feb 15, 2022.
             Succumbed to Duvessa's poison
             ... on level 4 of the Dungeon.
             The game lasted 00:03:09 (3866 turns).

kae the Insei (Draconian Transmuter)                Turns: 3866, Time: 00:03:10

Health: 0/72       AC: 23    Str: 12    XL:     6   Next: 10%
Magic:  10/10      EV:  2    Int: 15    God:
Gold:   131        SH:  0    Dex: 12    Spells: 6/10 levels left

rFire   . . .      SeeInvis .     - Unarmed
rCold   . . .      Faith    .   (no shield)
rNeg    . . .      Spirit   .   (armour unavailable)
rPois   +          Reflect  .   (helmet currently unavailable)
rElec   .          Harm     .   (cloak currently unavailable)
rCorr   .          Rampage  .   (gloves currently unavailable)
Will    +....      NoTele   +   (boots currently unavailable)
Stlth   +.........              (no amulet)
HPRegen 0.22/turn               g - ring of willpower
MPRegen 0.12/turn               (no ring)

@: lethally poisoned (0 -> -13), tree-form
A: stationary, stasis, torment immunity, boosted hp, AC +6, unfitting armour,
(cold-blooded), (hooves 1), (stinger 1)
a: no special abilities


You were on level 4 of the Dungeon.
You were a tree.
You visited 1 branch of the dungeon, and saw 4 of its levels.

You collected 131 gold pieces.

Inventory:

Jewellery
 g - a ring of willpower (left branch)
Scrolls
 a - 2 scrolls of teleportation
 d - 2 scrolls of identify
Potions
 b - a potion of mutation
 c - a potion of attraction
 f - a potion of might


   Skills:
 + Level 2.2 Fighting
 + Level 2.6 Dodging
 * Level 4.3 Unarmed Combat
 + Level 2.6 Spellcasting
 * Level 3.6 Transmutations
 - Level 2.0 Poison Magic


You had 6 spell levels left.
You knew the following spells:

 Your Spells              Type           Power      Damage    Failure   Level
a - Beastly Appendage     Tmut           24%        N/A       4%          1
b - Spider Form           Tmut/Pois      10%        N/A       21%         3

Your spell library contained the following spells:

 Spells                   Type           Power      Damage    Failure   Level
 Wereblood                Tmut           12%        N/A       7%          2
 Ice Form                 Ice/Tmut       7%         N/A       69%         4


Dungeon Overview and Level Annotations

Branches:
Dungeon (4/15)
 Temple: D:4-7

Altars:

Shops:
D:3 :

Annotations:
D:4 Dowan, Duvessa


Innate Abilities, Weirdness & Mutations

You are a tree.
Your roots penetrate the ground, keeping you stationary.
You cannot be teleported.
You are immune to unholy pain and torment.
Your maximum health is greatly increased.
Your equipment is partially melded.
((Your plain brown scales are hard. (AC +6)))
You cannot fit into any form of body armour.
((You are cold-blooded and may be slowed by cold attacks.))
((You have large cloven feet.))
((Your tail ends in a venomous barb.))


Message History

You hit Duvessa. You tail-slap Duvessa.
Duvessa is poisoned.
Duvessa is moderately wounded.
You feel sick. Duvessa misses you.
There are monsters nearby!
You hit Duvessa. You claw Duvessa, but do no damage. You tail-slap Duvessa.
Duvessa is heavily wounded.
Your transformation is almost over.
You feel sick. Duvessa hits you but does no damage.
You are more poisoned.
Dowan closely misses you.
You hit Duvessa. You claw Duvessa, but do no damage.
Duvessa is heavily wounded.
You feel very sick.
Duvessa hits you with a +3 short sword of venom!
Dowan hits you with a +0 dagger.
There are monsters nearby!
You are too injured to fight recklessly!
You are too injured to fight recklessly!
You barely miss Duvessa. You claw Duvessa. Your headbutt misses Duvessa.
Duvessa is severely wounded.
You feel sick.
Duvessa says, "Where magic fails, the sword succeeds!"
Duvessa hits you with a +3 short sword of venom.
You are lethally poisoned!
Dowan hits you with a +0 dagger.
* * * LOW HITPOINT WARNING * * *
Okay, then.
As you read the scroll of teleportation, it crumbles to dust.
You feel strangely unstable.
* * * LOW HITPOINT WARNING * * *
You feel very sick.
Duvessa hits you with a +3 short sword of venom.
* * * LOW HITPOINT WARNING * * *
Dowan hits you with a +0 dagger.
* * * LOW HITPOINT WARNING * * *
It was a potion of lignification.
Your horns disappear.
Your talons disappear.
You turn into a tree.
Your roots penetrate the ground.
You feel strangely stable.
You die...

≈≈≈#..##.....#......#.
....).##..............
≈≈≈#).................
. ####...........###..
.# #.#..........#...
.# ..##..........#.#
..# .................#
..
...#.#...##......#.#
.. #.#....##...#♣..# .
#.#..(.#.?..#ee.#
............#.....#
........(...(....#
......##........
#..... .........#
###... ........##
.......(..


You could see Duvessa (poisoned) and Dowan.

Vanquished Creatures
  Eustachio (D:4)
  6 adders (D:3)
  An ufetubus (D:4)
  A worm (D:3)
  4 dart slugs
  8 orcs
  7 ball pythons
  5 bats
  4 endoplasms
  5 giant cockroaches
  9 goblins
  8 hobgoblins
  4 jackals (D:3)
  5 kobolds
  2 quokkas (D:3)
  2 frilled lizards
  5 rats
77 creatures vanquished.

Notes
Turn   | Place    | Note
-------+----------+-------------------------------------------
     0 | D:1      | kae the Draconian Transmuter began the quest for the Orb.
     0 | D:1      | Reached XP level 1. HP: 16/16 MP: 3/3
   175 | D:1      | Reached XP level 2. HP: 23/23 MP: 5/5
  1070 | D:2      | Reached XP level 3. HP: 28/28 MP: 6/6
  1081 | D:2      | Learned a level 3 spell: Spider Form
  1932 | D:3      | Reached XP level 4. HP: 17/35 MP: 7/7
  2096 | D:3      | Found Zusto's Book Emporium.
  2124 | D:3      | HP: 1/35 [frozen (4)]
  2129 | D:3      | Gained mutation: Your tail ends in a venomous barb. [potion
                  | of mutation]
  2129 | D:3      | Gained mutation: You have large cloven feet. [potion of
                  | mutation]
  2425 | D:3      | Reached skill level 1 in Poison Magic
  2985 | D:3      | Found a faded altar of an unknown god.
  3155 | D:3      | Reached XP level 5. HP: 41/41 MP: 6/8
  3409 | D:4      | Noticed Eustachio
  3697 | D:4      | Killed Eustachio
  3698 | D:4      | Reached skill level 4 in Unarmed Combat
  3698 | D:4      | Reached XP level 6. HP: 46/48 MP: 6/10
  3857 | D:4      | Noticed Duvessa
  3858 | D:4      | Noticed Dowan
  3865 | D:4      | HP: 1/48 [Dowan (4)]
  3866 | D:4      | Succumbed to Duvessa's poison

Illustrated notes

Levels and vault maps discovered:
D:1:      nicolae_arrival_washed_ashore, layout_loops_cross
D:2:      layout_loops_ring
D:3:      layout_rooms, serial_shops, shop, shapermc_ecumenical_altar_gd
D:4:      layout_cave_pools, serial_shops, nicolae_stop_n_shop_2,
          hangedman_abyss_or_decor_stabs, amcnicky_mini_rare_corridor_liquid,
          minmay_misc_feat_columns, minmay_manual_mandibuliform, uniq_duvessa,
          uniq_eustachio

Skill      XL: |  1  2  3  4  5 |
---------------+----------------+-----
Dodging        | 2 |  2.6
Poison Magic   | 1 2 |  2.0
Transmutations | 3 |  3.6
Fighting       | 2 |  2.2
Unarmed Combat | 4 |  4.3
Spellcasting   | |  2.6

Action                   |  1- 3 |  4- 6 || total
-------------------------+-------+-------++-------
Melee: Unarmed           |   118 |   124 ||   242
       Tailslap          |    14 |    14 ||    28
       Headbutt          |    10 |     8 ||    18
       Kick              |    12 |    25 ||    37
       Punch             |     2 |     3 ||     5
 Cast: Beastly Appendage |    14 |    17 ||    31
       Spider Form       |       |     4 ||     4
  Use: Scroll            |     5 |     3 ||     8
       Potion            |       |     3 ||     3
 Stab: Sleeping          |     1 |       ||     1
Armor: Skin              |    42 |    55 ||    97
Dodge: Dodged            |    83 |   117 ||   200

Table legend: (Time is in decaauts)
 A = Elapsed time spent in this place.
 B = Non-inter-level travel time spent in this place.
 C = Inter-level travel time spent in this place.
 D = Time resting spent in this place.
 E = Time spent auto-exploring this place.
 F = Levels seen in this place.
 G = Mean time per level.
                   A        B        C        D        E       F      G
               +--------+--------+--------+--------+--------+-----+--------+
         Total |   3854 |   3747 |    107 |    556 |   2621 |   4 |  963.5 |
       Dungeon |   3854 |   3747 |    107 |    556 |   2621 |   4 |  963.5 |
               +--------+--------+--------+--------+--------+-----+--------+

Top non-repeatable levels by time:
     D:3: 1406 daAuts
     D:2: 1244 daAuts
     D:1: 944 daAuts
     D:4: 259 daAuts
